amy, neutral female gnomish Ranger --.. |...| ---..- |....| ---.--.| |...| ---.--- |...| .....- ---.--- ..)....- |...| ..)))... |.--- -..--.... -@d- -..--....- -.... .........| ... .......-- ........ --.... |<.- ---- amy the Trailblazer Experience level: 6 Strength: 14 Dexterity: 10 Constitution: 15 Intelligence: 14 Wisdom: 14 Charisma: 8 Health: 0(43) Energy: 25(25) Def: 8 Gold: 10 Moves: 3594 Dungeon seed: 97lctBS0nIkDKans Game ID: amy_1465194663 Your Inventory: Coins $ - 10 gold pieces Weapons a - an uncursed corroded +1 dagger b - an uncursed +2 crossbow (weapon in hand) c - 45 uncursed +2 crossbow bolts (in quiver) d - 34 uncursed +0 crossbow bolts i - 2 uncursed +0 orcish daggers B - 24 blessed +1 crossbow bolts C - 8 uncursed +2 crossbow bolts D - 221 uncursed +0 crossbow bolts E - 50 uncursed +0 arrows Y - a blessed +0 dagger Z - 4 uncursed +0 elven daggers Armor e - an uncursed +2 cloak of displacement (being worn) q - an uncursed +0 orcish helm (being worn) r - an uncursed +0 scale mail (being worn) Comestibles j - 3 uncursed food rations Potions M - an uncursed potion of sleeping Wands g - an uncursed wand of slow monster (0:0) l - an uncursed wand of lightning (0:6) Tools s - an uncursed blindfold t - an uncursed bag of holding G - 5 blessed partly used tallow candles (lit) (0:95) K - an uncursed credit card Contents of the bag of holding: an uncursed scroll of earth an uncursed scroll of identify an uncursed scroll of light an uncursed scroll of water an uncursed potion of invisibility a blessed potion of levitation an uncursed potion of monster detection an uncursed potion of object detection an uncursed potion of polymorph an uncursed magic whistle Spells and supernatural/magical abilities: Name Level Category Fail Memory h - healing 1 healing 100% 94% W - pray for help -- divine ? -- Your skills at the end: Miscellaneous Skills wands [Basic] Weapon Skills dagger [Skilled] club [Basic] crossbow [Basic] Spellcasting Skills Final Attributes: You were fervently aligned. You had wounded legs. You were telepathic. You had automatic searching. You had infravision. You were displaced. You are dead. Vanquished creatures: a small mimic a rock mole a fog cloud a red naga hatchling a ghoul 2 giant ants a little dog a floating eye a kitten 3 kobold lords an iguana a rothe a centipede 4 orc zombies 2 dwarf zombies 2 killer bees 11 coyotes a gas spore 8 hobbits 3 large kobolds 3 geckos 2 hobgoblins a giant rat a cave spider 2 brown molds a yellow mold a green mold a red mold 3 garter snakes a gnome zombie 3 jackals a kobold 5 newts 5 goblins 2 sewer rats 3 grid bugs 4 bats 4 lichens 3 kobold zombies 93 creatures vanquished. Voluntary challenges: You did not adorn yourself with jewelry or accessories. You had been an atheist until turn 2298. You used a wielded weapon 100 times, starting on turn 77. You did not apply a unicorn horn. You read items or engraved 5 times, starting on turn 241. You never genocided any monsters. You never polymorphed an object. You never changed form. You used no wishes. You never split a pudding. You never wrote Elbereth's name. You violated your moral code, losing 3 points of alignment, starting on turn 873. Dungeon overview: The Dungeons of Doom: levels 1 to 2 Level 1 a long staircase Level 2 a bookstore stairs to The Gnomish Mines The Gnomish Mines: levels 3 to 7 Level 3 stairs to The Dungeons of Doom Level 4 Level 5 many shops, a temple to Venus, a magic chest, some fountains Level 6 Level 7 <- You were here History has recorded: On T:1 you entered the Dungeons of Doom to retrieve the Amulet of Yendor! On T:356 you reached level 2 of The Dungeons of Doom. On T:522 you advanced to experience level 2. On T:541 you reached level 1 of The Gnomish Mines. On T:716 you advanced to experience level 3. On T:901 you advanced to experience level 4. On T:1438 you reached level 2 of The Gnomish Mines. On T:1539 you advanced to experience level 5. On T:1863 you reached level 3 of The Gnomish Mines. On T:2287 you entered the Minetown temple On T:2295 you opened a magic chest. On T:2312 you opened a magic chest. On T:2327 you opened a magic chest. On T:2817 you advanced to experience level 6. On T:3488 you reached level 4 of The Gnomish Mines. On T:3532 you reached level 5 of The Gnomish Mines. Score breakdown: Gold: 10 ( 1 points) Experience: 6 levels ( 500 points) Exploration: 7 levels ( 180 points) Discoveries: 8 items ( 400 points) Variety of kills: 39 monsters ( 1950 points) Major goal: reached Minetown ( 500 points) Survival: died (score multiplied by 3) Total score: 10593 Latest messages: The straw golem claws you! (3x) The straw golem misses. (2x) The straw golem claws you! The crossbow bolt hits the kobold lord! The straw golem claws you! (2x) As you read the scroll, it disappears. The hobbit wields a runed dagger! You kill the hobbit! You hear some noises in the distance. There are a few objects here. You have a little trouble lifting c - an uncursed +2 crossbow bolt (in quiver). You have a little trouble lifting Z - an uncursed runed dagger. You have a little trouble lifting M - a purple-red potion. Please move the cursor to an unknown object. Done. KAABLAMM!!! You triggered a land mine! You rebalance your load. Movement is difficult. You hear the howling of the CwnAnnwn... You fall into a pit! You die... Final status: Goodbye amy the Ranger, fell into a pit... You died in The Gnomish Mines on dungeon level 7 with 10593 points, and 10 pieces of gold, after 3594 moves. You were level 6 with a maximum of 43 hit points when you died.